General information
- name: BNet
- type: Ladder team game (AT/RT)
- host: Battle.net
- saver: Bromeister
map: RiverOfSouls
- players: 6
- length: 21:37
- speed: Fast
- version: 1.26 W3XP
- replay type: Public
» download(128 KB)
Players
team 1 (winner)
GaspachoSoup (
purple | 64 APM | 1369 actions | 21:32)
5 Death Knight
2 Death Coil
3 Unholy Aura
5 Lich
2 Frost Nova
3 Frost Armor
» actions
| Basic commands | 26 | |
| Build / train | 71 | |
| Enter build submenu | 11 | |
| Enter hero's abilities submenu | 10 | |
| Give item / drop item | 1 | |
| Right click | 974 | |
| Select / deselect | 233 | |
| Use ability | 43 | |
1369 total
» units
| Acolyte | 2 | |
| Ghoul | 3 | |
| Crypt Fiend | 32 | |
| Abomination | 5 | |
| Obsidian Statue | 1 | |
43 total
» upgrades
| Creature Attack | 2 | |
| Web | 1 | |
| Creature Carapace | 1 | |
| Disease Cloud | 1 | |
| Unholy Armor | 1 | |
6 total
» buildings
| Ziggurat | 6 | |
| Crypt | 1 | |
| Altar of Darkness | 1 | |
| Graveyard | 1 | |
| Nerubian Tower | 1 | |
| Tomb of Relics | 1 | |
| Spirit Tower | 1 | |
| Halls of the Dead | 1 | |
| Black Citadel | 1 | |
| Slaughterhouse | 1 | |
15 total
» build order
00:07 Ziggurat
00:11 Crypt
00:38 Altar of Darkness
00:43 Graveyard
01:02 Nerubian Tower
01:23 Tomb of Relics
01:49 Ziggurat
02:41 Spirit Tower
03:55 Ziggurat
04:35 Halls of the Dead
06:57 Black Citadel
07:09 Slaughterhouse
08:15 Ziggurat
11:32 Ziggurat
17:40 Ziggurat
» items
| Potion of Healing | 2 | |
| Orb of Corruption | 1 | |
| Scroll of Town Portal | 1 | |
4 total

»
Infidel (
yellow | 42 APM | 899 actions | 21:32)
5 Priestess of the Moon
1 Scout
3 Trueshot Aura
1 Searing Arrows
3 Keeper of the Grove
2 Entangling Roots
1 Thorns Aura
» actions
| Assign group hotkey | 21 | |
| Basic commands | 151 | |
| Build / train | 67 | |
| Enter build submenu | 18 | |
| Enter hero's abilities submenu | 8 | |
| Remove unit from queue | 1 | |
| Right click | 156 | |
| Select / deselect | 304 | |
| Select group hotkey | 131 | |
| Use ability | 42 | |
899 total
» units
| Wisp | 25 | |
| Archer | 14 | |
| Hippogryph | 4 | |
| Druid of the Talon | 1 | |
| Glaive Thrower | 3 | |
47 total
» upgrades
| Strength of the Moon | 3 | |
| Improved Bows | 1 | |
| Hippogryph Taming | 1 | |
| Marksmanship | 1 | |
6 total
» buildings
| Altar of Elders | 1 | |
| Moon Well | 4 | |
| Ancient of War | 1 | |
| Hunter's Hall | 1 | |
| Ancient Protector | 5 | |
| Tree of Ages | 1 | |
| Tree of Eternity | 1 | |
| Ancient of Wind | 1 | |
| Ancient of Wonders | 1 | |
| Tree of Life | 3 | |
19 total
» build order
00:08 Altar of Elders
00:40 Moon Well
01:13 Ancient of War
01:36 Moon Well
02:02 Hunter's Hall
03:07 Ancient Protector
03:17 Moon Well
04:00 Tree of Ages
05:06 Ancient Protector
06:23 Tree of Eternity
06:50 Ancient of Wind
09:58 Moon Well
11:01 Ancient of Wonders
13:09 Tree of Life
13:14 Ancient Protector
18:57 Tree of Life
20:12 Tree of Life
20:16 Ancient Protector
21:27 Ancient Protector
» items
Bromeister (
pink | 97 APM | 2098 actions | 21:37)
6 Keeper of the Grove
3 Entangling Roots
2 Force of Nature
1 Tranquility
» actions
| Assign group hotkey | 32 | |
| Basic commands | 3 | |
| Build / train | 61 | |
| Enter build submenu | 25 | |
| Enter hero's abilities submenu | 10 | |
| Remove unit from queue | 4 | |
| Right click | 1089 | |
| Select / deselect | 344 | |
| Select group hotkey | 354 | |
| Use ability | 176 | |
2098 total
» units
| Wisp | 22 | |
| Druid of the Talon | 4 | |
| Mountain Giant | 3 | |
| Chimaera | 7 | |
| Hippogryph | 2 | |
38 total
» upgrades
| Ultravision | 1 | |
| Strength of the Wild | 1 | |
| Reinforced Hides | 2 | |
| Druid of the Talon Training | 2 | |
| Corrosive Breath | 1 | |
7 total
» buildings
| Altar of Elders | 1 | |
| Moon Well | 7 | |
| Hunter's Hall | 1 | |
| Ancient of Wonders | 1 | |
| Ancient Protector | 3 | |
| Tree of Ages | 1 | |
| Ancient of Wind | 1 | |
| Tree of Eternity | 1 | |
| Ancient of Lore | 1 | |
| Chimaera Roost | 2 | |
19 total
» build order
00:22 Altar of Elders
00:46 Moon Well
01:08 Hunter's Hall
01:43 Moon Well
02:29 Ancient of Wonders
02:36 Ancient Protector
03:43 Tree of Ages
04:48 Ancient Protector
04:58 Moon Well
05:37 Ancient Protector
06:10 Ancient of Wind
06:13 Tree of Eternity
06:21 Ancient of Lore
07:03 Moon Well
08:38 Chimaera Roost
09:30 Chimaera Roost
11:40 Moon Well
16:15 Moon Well
17:14 Moon Well
» items
| Periapt of Vitality | 1 | |
| Boots of Speed | 1 | |
| Rod of Necromancy | 1 | |
| Scroll of Healing | 1 | |
| Potion of Lesser Invulnerability | 1 | |
5 total
team 2 (loser)
r2dAizz0 (
green | 96 APM | 1481 actions | 15:29)
3 Mountain King
2 Storm Bolt
1 Bash
» actions
| Assign group hotkey | 18 | |
| Build / train | 62 | |
| Enter build submenu | 28 | |
| Enter hero's abilities submenu | 3 | |
| Give item / drop item | 1 | |
| Right click | 872 | |
| Select / deselect | 199 | |
| Select group hotkey | 231 | |
| Use ability | 67 | |
1481 total
» units
| Peasant | 20 | |
| Footman | 12 | |
| Gryphon Rider | 3 | |
35 total
» upgrades
| Defend | 1 | |
| Masonry | 1 | |
| Lumber Harvesting | 1 | |
| Storm Hammers | 1 | |
4 total
» buildings
| Altar of Kings | 1 | |
| Farm | 7 | |
| Barracks | 1 | |
| Lumber Mill | 1 | |
| Scout Tower | 6 | |
| Arcane Tower | 2 | |
| Town Hall | 2 | |
| Guard Tower | 2 | |
| Keep | 6 | |
| Arcane Vault | 2 | |
| Castle | 1 | |
| Gryphon Aviary | 4 | |
| Blacksmith | 1 | |
36 total
» build order
00:13 Altar of Kings
00:25 Farm
00:51 Farm
01:06 Barracks
01:27 Lumber Mill
01:39 Scout Tower
02:05 Arcane Tower
02:17 Farm
03:16 Farm
04:26 Town Hall
06:20 Town Hall
07:19 Scout Tower
07:21 Scout Tower
07:47 Scout Tower
07:49 Scout Tower
07:51 Guard Tower
08:15 Keep
08:15 Keep
08:16 Keep
08:26 Guard Tower
08:30 Scout Tower
08:57 Arcane Tower
09:03 Arcane Vault
10:21 Farm
10:44 Castle
10:49 Gryphon Aviary
10:52 Gryphon Aviary
11:07 Farm
12:25 Gryphon Aviary
12:26 Gryphon Aviary
14:02 Farm
14:44 Arcane Vault
15:11 Blacksmith
» items
| Boots of Speed | 1 | |
| Potion of Lesser Invulnerability | 1 | |
| Scroll of Town Portal | 2 | |
| Scroll of Regeneration | 1 | |
| Potion of Healing | 2 | |
| Potion of Mana | 1 | |
8 total
inch_schlong (
red | 31 APM | 674 actions | 21:27)
6 Blademaster
3 Critical Strike
2 Wind Walk
1 Bladestorm
» actions
| Basic commands | 13 | |
| Build / train | 49 | |
| Enter build submenu | 15 | |
| Enter hero's abilities submenu | 6 | |
| Give item / drop item | 3 | |
| Right click | 316 | |
| Select / deselect | 229 | |
| Use ability | 43 | |
674 total
» units
| Peon | 9 | |
| Grunt | 3 | |
| Wind Rider | 4 | |
| Dragonhawk Rider | 1 | |
| Peasant | 2 | |
| Gryphon Rider | 7 | |
26 total
» upgrades
| Armor | 2 | |
| Melee Weapons | 1 | |
| Ranged Weapons | 2 | |
| Reinforced Defenses | 1 | |
| Envenomed Spears | 1 | |
| Swords | 2 | |
9 total
» buildings
| Orc Burrow | 7 | |
| Altar of Storms | 1 | |
| Barracks | 1 | |
| War Mill | 1 | |
| Voodoo Lounge | 1 | |
| Stronghold | 1 | |
| Beastiary | 3 | |
| Fortress | 1 | |
| Farm | 1 | |
17 total
» build order
00:22 Orc Burrow
00:27 Altar of Storms
00:33 Barracks
01:43 Orc Burrow
01:49 War Mill
02:17 Voodoo Lounge
04:10 Stronghold
04:15 Orc Burrow
04:42 Orc Burrow
06:00 Orc Burrow
06:03 Orc Burrow
06:34 Beastiary
06:36 Beastiary
06:39 Beastiary
08:54 Orc Burrow
09:40 Fortress
21:09 Farm
» items
| Healing Salve | 1 | |
| Orb of Lightning | 1 | |
| Potion of Healing | 1 | |
| Potion of Mana | 1 | |
| Lesser Clarity Potion | 1 | |
5 total
winksz28 (
blue | 49 APM | 1052 actions | 21:31)
4 Tauren Chieftain
2 Shockwave
2 Endurance Aura
3 Shadow Hunter
1 Hex
2 Healing Wave
» actions
| Assign group hotkey | 32 | |
| Basic commands | 7 | |
| Build / train | 54 | |
| Enter build submenu | 12 | |
| Enter hero's abilities submenu | 7 | |
| Right click | 356 | |
| Select / deselect | 231 | |
| Select group hotkey | 255 | |
| Use ability | 98 | |
1052 total
» units
| Peon | 7 | |
| Grunt | 4 | |
| Troll Witch Doctor | 7 | |
| Raider | 10 | |
28 total
» upgrades
| Witch Doctor Training | 2 | |
| Armor | 1 | |
| Ensnare | 1 | |
| Melee Weapons | 1 | |
| Pillage | 1 | |
6 total
» buildings
| Altar of Storms | 1 | |
| Orc Burrow | 5 | |
| Barracks | 1 | |
| Voodoo Lounge | 1 | |
| War Mill | 1 | |
| Stronghold | 1 | |
| Spirit Lodge | 1 | |
| Beastiary | 2 | |
| Fortress | 1 | |
14 total
» build order
00:11 Altar of Storms
00:16 Orc Burrow
01:08 Barracks
01:39 Orc Burrow
01:54 Voodoo Lounge
02:20 War Mill
02:58 Orc Burrow
03:33 Stronghold
05:59 Spirit Lodge
06:29 Beastiary
06:34 Beastiary
07:42 Orc Burrow
08:24 Fortress
09:55 Orc Burrow
» items
| Healing Salve | 4 | |
| Periapt of Vitality | 1 | |
| Scroll of Town Portal | 2 | |
| Scroll of Speed | 1 | |
| Lesser Clarity Potion | 1 | |
9 total
Chat log
(00:03 / Allies) Bromeister: sup
(00:05 / Allies) Bromeister: kotg
(00:10 / Allies) Bromeister: maybe fast expo
(00:11 / Allies) Infidel: potm archer
(00:12 / Allies) Bromeister: depends..
(00:19 / Allies) GaspachoSoup: they will ahrass harss
(00:26 / Allies) Bromeister: nah
(00:28 / Allies) GaspachoSoup: elf 100 gold me plz
(00:34 / Allies) GaspachoSoup: u need to both mas
(00:36 / Allies) Infidel: done
(00:40 / Allies) GaspachoSoup: ty
(00:48 / Allies) Bromeister: what u making
(00:49 / Allies) Infidel: i want it back when u can afford it
(00:59 / Allies) GaspachoSoup: if they get early expo gg
(01:08 / Allies) GaspachoSoup: so scout the expos
(01:11 / Allies) Bromeister: its coolio
(01:20 / Allies) Bromeister: i will hide wisp
(01:38 / Allies) GaspachoSoup: they will wvys or raid
(01:40 / Allies) GaspachoSoup: theyh haveorc
(01:44 / Allies) Infidel: 2 orc
(01:54 / Allies) GaspachoSoup: maybe 3 orc
(02:50 / Allies) Bromeister: i will harass
(03:45 / Allies) Bromeister: gold
(03:47 / Allies) Bromeister: that 100 back
(03:49 / Allies) Bromeister: :p
(03:53 / Allies) Bromeister: :/
(03:54 / Allies) Bromeister: late boots
(03:55 / Allies) Infidel: we both gave him 100?
(03:58 / Allies) Bromeister: ya
(04:17 / Allies) GaspachoSoup: green no units mk
(04:17 / Allies) Bromeister: he maphack
(04:17 / Allies) Bromeister: lol
(04:33 / All) Bromeister: hi
(05:01 / All) Bromeister: dont
(05:03 / All) Bromeister: polz
(05:55 / Allies) GaspachoSoup: archer wont do
(06:13 / Allies) Bromeister: yes
(06:16 / Allies) Bromeister: im already chims
(06:31 / All) Bromeister: maphacker
(06:34 / All) Bromeister: going to report
(06:35 / All) Bromeister: after
(06:46 / All) inch_schlong: lol
(06:57 / Allies) Infidel: why u think he is hack
(07:05 / All) inch_schlong: for killing your wisp ?
(07:13 / Allies) Bromeister: i will take
(07:15 / Allies) Bromeister: sorry
(07:43 / Allies) Bromeister: giants coming
(07:45 / Allies) Bromeister: for meat
(07:57 / Allies) GaspachoSoup: umust up skin on em
(07:59 / Allies) GaspachoSoup: and taunt with em
(08:03 / Allies) Bromeister: yes
(08:07 / Allies) Bromeister: i am good
(08:13 / Allies) Bromeister: go creep
(08:22 / Allies) GaspachoSoup: he will expo again
(09:07 / Allies) Bromeister: gold
(09:08 / Allies) Bromeister: now
(10:06 / Allies) GaspachoSoup: he wil air
(10:11 / Allies) GaspachoSoup: tp
(10:52 / Allies) GaspachoSoup: told u
(10:53 / Allies) GaspachoSoup: go around
(11:27 / Allies) GaspachoSoup: ylow hipos adn what
(11:32 / Allies) Infidel: fairy
(11:37 / Allies) GaspachoSoup: get more then that
(11:41 / Allies) GaspachoSoup: too eweak
(11:50 / Allies) Infidel: shop 1st
(12:44 / All) Bromeister: gg
(12:50 / All) Bromeister: we are rank 1
(12:51 / All) Bromeister: and 8
(12:52 / All) Bromeister: no chacne
(13:25 / All) Bromeister: u ded
(13:25 / All) Bromeister: come
(14:10 / Allies) Bromeister: pro
(14:14 / All) Bromeister: this happens
(14:18 / All) Bromeister: i am pro
(14:34 / All) inch_schlong: lol no you're not
(14:39 / All) inch_schlong: green had no units
(14:41 / All) inch_schlong: he's noob
(14:46 / Allies) Bromeister: cuz he chose to expand
(14:47 / All) Bromeister: like a jew
(15:08 / Allies) Infidel: get the hall
(15:25 / All) Bromeister: FUCK
(15:26 / All) Bromeister: UR MK
(15:27 / All) Bromeister: NIGGER
(15:32 / All) Bromeister: LOL
(15:34 / All) Bromeister: im pro
(15:38 / All) Bromeister: this happens
(15:39 / All) inch_schlong: he had no idea how to play
(15:41 / All) Bromeister: come to channel NRO
(15:42 / All) Bromeister: <N>ew <R>ealm <O>rder <<<channel NRO>>> [the mamak of TFT]
(15:49 / Allies) Bromeister: gaspacho
(15:51 / Allies) Bromeister: i'll make u shammy
(15:52 / Allies) Bromeister: def
(16:07 / All) inch_schlong: he doesn't even have a blacksmith lol
(16:17 / All) Bromeister: LOL
(16:19 / All) Bromeister: im too pro
(16:21 / All) Bromeister: he got scared
(16:23 / All) Bromeister: after that tower
(16:27 / All) inch_schlong: it's 3 on 2 guy
(16:34 / Allies) Bromeister: dude im pro guy
(16:39 / All) inch_schlong: don't need to be pro for that, but you keep telling yourself that
(16:51 / All) inch_schlong: who was the whinebag that wanted to report lol
(16:51 / All) Bromeister: bitch keep telling that yourself was a goodmom
(17:20 / Allies) Bromeister: gold plz
(17:37 / All) Bromeister: this is nothing
(18:28 / All) Bromeister: thsi shi thappens
(18:29 / All) Bromeister: NOW
(18:34 / All) Bromeister: i am pro
(18:35 / All) Bromeister: channel NRO
(18:41 / All) Bromeister: purp is good too
(18:52 / All) Bromeister: purp very good
(18:54 / All) inch_schlong: guy you're 38-46, that's pro?
(18:56 / All) Bromeister: one of best
(18:57 / All) GaspachoSoup: dont let my rank 1 fool u
(19:06 / All) Bromeister: DIE TC
(19:10 / All) Bromeister: LOL BLUE WATCH
(19:11 / All) Bromeister: BLUE WATCH
(19:12 / All) Bromeister: HI
(19:15 / All) Bromeister: LOL
(19:23 / All) Bromeister: COME HERE TC
(19:27 / All) Bromeister: COME
(19:32 / All) Bromeister: COME HERE
(19:33 / All) Bromeister: HEROES
(19:34 / All) Bromeister: I LIE
(19:42 / All) Bromeister: LKLOL
(19:45 / All) Bromeister: im pro
(19:48 / All) Bromeister: this happens
(20:03 / All) Bromeister: HEAL
(20:04 / All) Bromeister: PLZ
(20:07 / All) Bromeister: BRING THE MK
(20:09 / All) Bromeister: WHEREE IS PUSSY
(20:25 / All) Bromeister: rank 8
(20:27 / All) Bromeister: and rank 1
(20:30 / All) Bromeister: what do u expect?
(20:35 / All) Bromeister: next time
(20:39 / All) Bromeister: dont waste ur time plz
(20:42 / All) Bromeister: this will happen
(20:44 / All) Bromeister: every time
(20:50 / All) Bromeister: LOL
(20:51 / All) Bromeister: UMAD
(20:57 / All) Bromeister: come here
(20:58 / All) Bromeister: now
(20:59 / All) Bromeister: im mad
(21:13 / All) winksz28: hiding...
(21:13 / All) Bromeister: this ends now
(21:23 / All) Bromeister: DIE
(21:24 / All) Bromeister: NOW
(21:27 / All) Bromeister: YU DIE
(21:29 / All) Bromeister: THIS HAPPNES
(21:30 / All) Bromeister: NOW
(21:31 / All) Bromeister: LOL